 Dungeon Crawl Stone Soup version 0.28.0 (webtiles) character file.

Game seed: 2129655661721578346

250 Akaron the Digger (level 6, -4/37 HPs)
             Began as an Octopode Earth Elementalist on Feb 6, 2022.
             Slain by Grinder (10 damage)
             ... while paralysed by Grinder
             ... on level 3 of the Dungeon.
             The game lasted 00:06:24 (2972 turns).

Akaron the Digger (Octopode Earth Elementalist)     Turns: 2972, Time: 00:06:24

Health: -4/37      AC:  1    Str:  7    XL:     6   Next: 13%
Magic:  3/11       EV:  2    Int: 19    God:
Gold:   32         SH:  0    Dex: 13    Spells: 6/12 levels left

rFire   . . .      SeeInvis +   n - +2 dagger (speed)
rCold   . . .      Faith    .   (no shield)
rNeg    . . .      Spirit   .   (helmet restricted)
rPois   .          Reflect  .   (no amulet)
rElec   .          Harm     .   i - ring of see invisible
rCorr   .          Rampage  .   (no ring)
Will    .....                   (no ring)
Stlth   +++.......              (no ring)
HPRegen 0.12/turn               (no ring)
MPRegen 0.12/turn               (no ring)
                                (no ring)
                                (no ring)

@: paralysed
A: almost no armour, amphibious, 8 rings, camouflage 1, gelatinous body 1,
(nimble swimmer 1), tentacles
a: no special abilities


You were on level 3 of the Dungeon.
You visited 1 branch of the dungeon, and saw 3 of its levels.

You collected 32 gold pieces.

Inventory:

Hand Weapons
 n - a +2 dagger of speed (weapon)
Missiles
 b - 4 stones
Jewellery
 i - a ring of see invisible (left tentacle)
Scrolls
 c - a scroll of enchant weapon {unknown}
 d - a scroll of enchant armour {unknown}
 e - 2 scrolls of teleportation {unknown}
 f - a scroll of noise {unknown}
 g - a scroll of identify {unknown}
 l - a scroll of brand weapon {unknown}
 q - a scroll of magic mapping {unknown}
Potions
 a - 2 potions of degeneration {unknown}
 h - a potion of haste {unknown}
 j - a potion of heal wounds {unknown}
 k - a potion of attraction {unknown}
 m - a potion of flight {unknown}
 o - a potion of brilliance {unknown}
 p - a potion of magic {unknown}
 r - a potion of lignification {unknown}


   Skills:
 + Level 0.3 Fighting
 + Level 0.4 Short Blades
 + Level 2.4 Dodging
 - Level 3.3 Stealth
 + Level 0.6 Unarmed Combat
 + Level 3.5 Spellcasting
 * Level 2.7 Conjurations
 + Level 1.0 Transmutations
 + Level 4.1 Earth Magic


You had 6 spell levels left.
You knew the following spells:

 Your Spells              Type           Power      Damage    Failure   Level
a - Sandblast             Erth           38%        2d10      2%          1
b - Passwall              Tmut/Erth      10%        N/A       8%          2
c - Stone Arrow           Conj/Erth      32%        3d9       11%         3

Your spell library contained the following spells:

 Spells                   Type           Power      Damage    Failure   Level
 Dazzling Flash           Conj/Hex       16%        N/A       24%         3
 Petrify                  Tmut/Erth      13%        N/A       45%         4
 Blade Hands              Tmut           3%         N/A       95%         5
 Metabolic Englaciation   Hex/Ice        1%         N/A       99%         5
 Iron Shot                Conj/Erth      8%         9d3       99%         6
 Animate Armour           Summ/Erth      Unusable   N/A       N/A         4

Dungeon Overview and Level Annotations

Branches:
Dungeon (3/15)

Altars:

Annotations:
D:3 Grinder


Innate Abilities, Weirdness & Mutations

You cannot wear most types of armour.
You are amphibious.
You can wear up to eight rings at the same time.
Your skin changes colour to match your surroundings (Stealth+).
Your rubbery body absorbs attacks. (AC +1, EV +1)
((You are camouflaged when in or above water. (Stealth+)))
You have tentacles for arms and can constrict up to eight enemies at once.


Message History

Grinder is heavily wounded.
The blast of sand hits Grinder.
Grinder is severely wounded.
Grinder hits you.
The blast of sand hits Grinder.
Grinder is severely wounded.
Grinder gestures at you.
You suddenly lose the ability to move!
Grinder gestures at you.
You shrug off the repeated paralysis!
Grinder gestures at you. Pain shoots through your body!
You can move again.
The blast of sand misses Grinder.
Grinder gestures at you. Pain shoots through your body!
You are too injured to fight recklessly!
Unknown command.
You are too injured to fight recklessly!
Casting: Sandblast (safe; 2% risk of failure)
Confirm with . or Enter, or press ? or * to list all spells.
Aiming: Sandblast (safe; 2% risk of failure)
Press: ? - help, Shift-Dir - straight line, f/p - Grinder
Aim: Grinder (severely wounded, 77% to hit)
The blast of sand hits Grinder.
Grinder is almost dead.
Grinder hits you!
* * * LOW HITPOINT WARNING * * *
You writhe in agony.
* * * LOW HITPOINT WARNING * * *
Casting: Sandblast (safe; 2% risk of failure)
Confirm with . or Enter, or press ? or * to list all spells.
Aiming: Passwall (safe; 8% risk of failure)
Press: ? - help, Dir - move target, p - Grinder You can't see that place. [the floor.] Grinder gestures at you.
You suddenly lose the ability to move!
Grinder hits you!
You die...

....# #..>........ ....#
###.#..........
....####...#.........#
.......#.###.........#
....##...###.........##.
†....##..##.............
.........##..####.......
.)..###.......###....... ....#
##...†)...@5......
...####...#..####.#...##
..####........##..# ...
#####.............# .#
###...........##..####.#
.......................######
..............#.............#
..............##..###.####).#####
######.#......#............)..)..


You could see Grinder.

Vanquished Creatures
  A centaur zombie (D:3)
  Jessica (D:2)
  Terence (D:3)
  8 gnolls
  3 adders
  A worm (D:2)
  A dart slug (D:2)
  6 ball pythons
  2 bats
  9 endoplasms
  3 giant cockroaches
  4 goblins
  7 hobgoblins
  2 jackals (D:2)
  3 quokkas (D:2)
  3 frilled lizards
  3 kobolds
  6 rats
64 creatures vanquished.

Notes
Turn   | Place    | Note
-------+----------+-------------------------------------------
     0 | D:1      | Akaron the Octopode Earth Elementalist began the quest for
                  | the Orb.
     0 | D:1      | Reached XP level 1. HP: 11/11 MP: 3/3
   190 | D:1      | Found a faded altar of an unknown god.
   462 | D:1      | Reached XP level 2. HP: 17/17 MP: 5/5
   634 | D:1      | You fall into a shaft and drop 1 floor!
   675 | D:2      | Reached skill level 1 in Conjurations
   675 | D:2      | Reached XP level 3. HP: 16/21 MP: 1/6
   678 | D:2      | Learned a level 2 spell: Passwall
   682 | D:2      | Learned a level 3 spell: Stone Arrow
  1248 | D:2      | Noticed Terence
  1250 | D:2      | Reached XP level 4. HP: 27/27 MP: 2/7
  1646 | D:3      | Reached XP level 5. HP: 31/31 MP: 7/9
  1647 | D:3      | Noticed Grinder
  1874 | D:2      | Got the Reference Book on Enchantment
  1971 | D:2      | Noticed Jessica
  1975 | D:2      | Killed Jessica
  1976 | D:2      | Reached skill level 4 in Earth Magic
  2840 | D:3      | Reached XP level 6. HP: 35/36 MP: 11/11
  2942 | D:3      | Killed Terence
  2966 | D:3      | Paralysed by Grinder for 3 turns
  2971 | D:3      | Paralysed by Grinder for 5 turns
  2972 | D:3      | Slain by Grinder

Illustrated notes

Levels and vault maps discovered:
D:1:      ncdulo_halloftheorcs, layout_loops_ring,
          shapermc_ecumenical_altar_venn
D:2:      layout_rooms, minivault_11, uniq_terence, uniq_jessica
D:3:      layout_rooms, cheibrodos_gnoll_hut, uniq_grinder,
          uniq_crazy_yiuf_cottage

Skill      XL: |  1  2  3  4  5 |
---------------+----------------+-----
Stealth        | 3 |  3.3
Conjurations   | 1 2 |  2.7
Spellcasting   | 3 |  3.5
Earth Magic    | 4 |  4.1
Fighting       | |  0.3
Short Blades   | |  0.4
Dodging        | |  2.4
Unarmed Combat | |  0.6
Transmutations | |  1.0

Action                   |  1- 3 |  4- 6 || total
-------------------------+-------+-------++-------
Melee: Unarmed           |    20 |    12 ||    32
       Tentacles         |     5 |     9 ||    14
       Constrict         |     5 |    10 ||    15
       Dagger            |       |    36 ||    36
       Punch             |       |     1 ||     1
 Cast: Sandblast         |    33 |    45 ||    78
       Stone Arrow       |       |     1 ||     1
       Passwall          |       |     1 ||     1
 Stab: Sleeping          |     2 |     1 ||     3
Armor: Skin              |     1 |    11 ||    12
Dodge: Dodged            |    18 |    52 ||    70
